 Dungeon Crawl Stone Soup version 0.19.1 (webtiles) character file.

612 esteth the Conjurer (level 7, 0/36 HPs)
             Began as a Deep Elf Fire Elementalist on Dec 22, 2016.
             Slain by a sky beast (5 damage)
             ... on level 4 of the Dungeon.
             The game lasted 00:14:08 (3327 turns).

esteth the Conjurer (Deep Elf Fire Elementalist)    Turns: 3327, Time: 00:14:09

Health: 0/36       AC:  2    Str:  5    XL:     7   Next: 20%
Magic:  5/16       EV: 13    Int: 22    God:
Gold:   260        SH:  0    Dex: 19    Spells: 4 memorised, 3 levels left

rFire  . . .     SeeInvis .     f - +1 mace (crush)
rCold  . . .     Gourm    .     a - +0 robe
rNeg   . . .     Faith    .     (no shield)
rPois  +         Spirit   .     (no helmet)
rElec  .         Reflect  .     (no cloak)
rCorr  .         Harm     .     (no gloves)
MR     .....                    (no boots)
Stlth  ++........               (no amulet)
                                q - ring of poison resistance
                                o - +4 ring of dexterity

@: about to teleport
A: no striking features
a: no special abilities


You were on level 4 of the Dungeon.
You were not hungry.

You visited 1 branch of the dungeon, and saw 4 of its levels.

You collected 260 gold pieces.

Inventory:

Hand Weapons
 f - a +1 mace of crushing (weapon)
Armour
 a - a +0 robe (worn)
Jewellery
 o - a +4 ring of dexterity (left hand)
 q - a ring of poison resistance (right hand)
 s - an uncursed ring of fire {unknown}
Scrolls
 j - a scroll of random uselessness {unknown}
 m - 2 scrolls of identify {unknown}
 p - a scroll of enchant armour {unknown}
Potions
 d - a potion of curing {unknown}
 e - 2 potions of lignification {unknown}
 i - a potion of might {unknown}
 l - a potion of heal wounds {unknown}
 n - 2 potions of brilliance {unknown}
Books
 b - a book of Flames

   Spells                             Type                      Level
   a - Flame Tongue                   Conjuration/Fire             1
   b - Throw Flame                    Conjuration/Fire             2
   c - Conjure Flame                  Conjuration/Fire             3
   d - Inner Flame                    Hexes/Fire                   3
   e - Sticky Flame                   Conjuration/Fire             4
   f - Fireball                       Conjuration/Fire             5
Comestibles
 g - 3 meat rations
 h - a royal jelly
 r - a fruit


   Skills:
 - Level 2.6 Dodging
 - Level 2.5 Stealth
 - Level 5.1 Spellcasting
 * Level 5.9 Conjurations
 + Level 5.9 Fire Magic


You had 3 spell levels left.
You knew the following spells:

 Your Spells              Type           Power        Failure   Level  Hunger
a - Flame Tongue          Conj/Fire      ####.        1%          1    None
b - Fireball              Conj/Fire      ####......   28%         5    #####..
c - Conjure Flame         Conj/Fire      ####....     2%          3    ##.....
d - Sticky Flame          Conj/Fire      ####....     12%         4    ####...


Dungeon Overview and Level Annotations

Branches:
Dungeon (4/15)
 Temple: D:4-7

Altars:

Annotations:
D:4 1 runed door, Duvessa


Message History

You feel strangely unstable. Something hits you but does no damage.
Casting: Conjure Flame
Confirm with . or Enter, or press ? or * to list all spells.
Aiming: Flame Tongue
Press: ? - help, Shift-Dir - straight line The flame tongue hits something.
Something hits you but does no damage.
Casting: Flame Tongue
Confirm with . or Enter, or press ? or * to list all spells.
Aiming: Flame Tongue
Press: ? - help, Shift-Dir - straight line The flame tongue hits something.
Something hits you.
* * * LOW HITPOINT WARNING * * *
Something shocks you.
* * * LOW HITPOINT WARNING * * *
Casting: Flame Tongue
Confirm with . or Enter, or press ? or * to list all spells.
Aiming: Flame Tongue
Press: ? - help, Shift-Dir - straight line The flame tongue hits something.
Something hits you.
You die...

#..#..#####.#.#..#.#....
#....................###
......##..###.........#....#
########.[###.#####.#...##.#
.........# #.######.#
.....##### #.# #(# ####..#
.# ##.#
#..#########.#####..#
#..{@ยง).............#
#####.#######.########..#
#.).......# #.# #...
#.###.###.# #.# ##.# #.# #.#
#.# #.# #.# #.# #.# #.# #.#
#.# #.# #.###.###.# #.# #.#
#.##...##.#########.# #(#
#...................#


There were no monsters in sight!

Vanquished Creatures
  A necrophage (D:4)
  3 ogres (D:4)
  Dowan (D:4)
  2 scorpions (D:4)
  A howler monkey skeleton (D:4)
  3 gnolls (D:2)
  3 adders
  An ooze (D:2)
  An adder skeleton (D:4)
  A dart slug (D:1)
  3 leopard geckos
  2 ball pythons
  10 bats
  4 giant cockroaches
  6 hobgoblins
  3 jackals (D:1)
  6 kobolds
  8 frilled lizards
  4 goblins
  A jackal skeleton (D:4)
  2 leopard gecko skeletons (D:4)
  7 rats
73 creatures vanquished.

Notes
Turn   | Place    | Note
-------+----------+-------------------------------------------
     0 | D:1      | esteth the Deep Elf Fire Elementalist began the quest for the Orb.
     0 | D:1      | Reached XP level 1. HP: 10/10 MP: 6/6
   381 | D:1      | Reached XP level 2. HP: 12/15 MP: 5/8
  1119 | D:2      | Reached XP level 3. HP: 19/19 MP: 8/10
  1325 | D:2      | Reached XP level 4. HP: 15/24 MP: 3/12
  2436 | D:4      | Reached skill level 5 in Spellcasting
  2436 | D:4      | Reached XP level 5. HP: 26/28 MP: 7/14
  2490 | D:4      | Learned a level 5 spell: Fireball
  2494 | D:4      | Learned a level 3 spell: Conjure Flame
  2499 | D:4      | Learned a level 4 spell: Sticky Flame
  2508 | D:4      | Noticed a necrophage
  2528 | D:4      | Killed a necrophage
  2528 | D:4      | Reached skill level 5 in Fire Magic
  2641 | D:4      | Noticed Dowan
  2643 | D:4      | Noticed an ogre
  2643 | D:4      | Noticed Duvessa
  2649 | D:4      | Killed an ogre
  2649 | D:4      | Reached XP level 6. HP: 20/32 MP: 7/15
  2655 | D:4      | Killed Dowan
  2931 | D:4      | Reached skill level 5 in Conjurations
  3144 | D:4      | Reached XP level 7. HP: 36/36 MP: 10/16
  3251 | D:4      | Found a runed door.
  3327 | D:4      | Slain by a sky beast

Skill      XL: |  1  2  3  4  5  6 |
---------------+-------------------+-----
Spellcasting   | 4 5 |  5.1
Fire Magic     | 4 5 |  5.9
Conjurations   | 2 4 5 |  5.9
Dodging        | |  2.6
Stealth        | |  2.5

Action                   |  1- 3 |  4- 6 |  7- 9 || total
-------------------------+-------+-------+-------++-------
Melee: Mace              |    11 |       |     1 ||    12
 Cast: Flame Tongue      |    59 |    70 |    10 ||   139
       Conjure Flame     |       |     3 |     2 ||     5
  Use: Scroll            |     1 |     4 |     1 ||     6
 Stab: Sleeping          |     1 |       |       ||     1
  Eat: Chunk             |     1 |     3 |       ||     4
       Fruit             |       |     1 |       ||     1
       Bread ration      |       |     1 |       ||     1
Armor: Robe              |    14 |     1 |     2 ||    17
Dodge: Dodged            |    39 |     9 |     2 ||    50
